[Event "Titled Tuesday Blitz July 20 2021"]
[White "Kassimov, Baurzhan"]
[Black "Mujumdar, Sameer"]
[WhiteFideId "13704800"]
[BlackFideId "2029707"]
[WhiteElo "2234"]
[BlackElo "2104"]
[Result "1-0"]
[Round "05"]
[TimeControl "180+1"]
[Date "2021.07.21"]
[WhiteClock "0:00:12"]
[BlackClock "0:00:09"]

1. e4 c6 2. d4 d5 3. Nc3 dxe4 4. Nxe4 Bf5 5. Ng3 Bg6 6. Nh3 e6 7. Nf4 Ne7 8. c3 Nd7 9. Bc4 Nd5 10. O-O Bd6 11. Nfh5 O-O 12. f4 Qc7 13. Qf3 N7f6 14. Nxf6+ Nxf6 15. Be3 c5 16. Bb3 cxd4 17. Bxd4 Bc5 18. Bxc5 Qxc5+ 19. Kh1 Rad8 20. Rad1 b6 21. h3 h5 22. f5 exf5 23. Nxf5 Rxd1 24. Bxd1 Bxf5 25. Qxf5 Qxf5 26. Rxf5 Rd8 27. Bb3 Rd2 28. Re5 Rxb2 29. Re7 h4 30. Bxf7+ Kf8 31. Rxa7 Ne4 32. Bg6 Rb1+ 33. Kh2 Re1 34. Rf7+ Kg8 35. Re7 1-0


[Site "https://www.chess.com"]

[Event "Titled Tuesday Blitz July 20 2021"]
[White "Kim, Sergey"]
[Black "Tsotsonava, Elene"]
[WhiteFideId "13700570"]
[BlackFideId "13615939"]
[WhiteElo "2508"]
[BlackElo "1847"]
[Result "0-1"]
[Round "05"]
[TimeControl "180+1"]
[Date "2021.07.21"]
[WhiteClock "0:00:02"]
[BlackClock "0:00:13"]

1. d4 d5 2. c4 dxc4 3. e3 Nf6 4. Bxc4 e6 5. Nf3 c5 6. O-O cxd4 7. exd4 Nc6 8. Nc3 Be7 9. Re1 O-O 10. a3 b6 11. Bg5 Bb7 12. Rc1 Rc8 13. Ba2 h6 14. Bh4 Nd5 15. Bg3 Bd6 16. Ne5 Nxc3 17. Rxc3 Ne7 18. Rxc8 Qxc8 19. Nxf7 Rxf7 20. Bxd6 Qc6 21. Qg4 Qxd6 22. Bxe6 Bd5 23. Bxf7+ Bxf7 24. Qe4 Nc6 25. Rd1 Bd5 26. Qe3 Qg6 27. f3 Qc2 28. Qd2 Qg6 29. Re1 Bxf3 30. d5 Nd4 31. d6 Bxg2 32. Kf2 Nf3 33. d7 Nxd2 34. d8=Q+ Kh7 35. Qxd2 Be4 36. Qf4 Qg2+ 37. Ke3 Bg6 38. Re2 Qd5 39. Qd4 Qf5 40. Rf2 Qg5+ 41. Ke2 Qe7+ 42. Kd2 Qg5+ 43. Kc3 Qc1+ 44. Kb3 a5 45. a4 Qc6 46. Rd2 Bf7+ 47. Ka3 Qe6 48. Qd3+ Bg6 49. Qb3 Qe7+ 50. Ka2 Bf7 51. Rd3 Bxb3+ 52. Rxb3 Qe6 53. Ka3 Qd6+ 54. Ka2 Qd5 55. Ka3 Qc5+ 56. Ka2 Qc4 57. Ka3 Qh4 58. Rxb6 Qxh2 59. Rb5 Qd6+ 60. Ka2 Qc7 61. b3 g5 62. Ka3 g4 63. b4 Qc3+ 64. Ka2 axb4 65. Rb8 Qa3+ 66. Kb1 b3 67. Rb7+ Kg6 68. Rb6+ Kg5 69. Rb5+ Kh4 0-1


[Site "https://www.chess.com"]

[Event "Titled Tuesday Blitz July 20 2021"]
[White "Kobalia, Mikhail"]
[Black "Zubov, Alexander"]
[WhiteFideId "4119150"]
[BlackFideId "14109409"]
[WhiteElo "2569"]
[BlackElo "2740"]
[Result "0-1"]
[Round "05"]
[TimeControl "180+1"]
[Date "2021.07.20"]
[WhiteClock "0:00:04"]
[BlackClock "0:00:15"]

1. e4 c5 2. Nf3 e6 3. g3 Nf6 4. Qe2 Nc6 5. Bg2 d6 6. O-O Be7 7. c3 e5 8. Rd1 O-O 9. d4 cxd4 10. cxd4 exd4 11. Nxd4 Bg4 12. f3 Nxd4 13. Rxd4 d5 14. Kh1 Be6 15. e5 Nd7 16. Nc3 Bc5 17. Rd1 d4 18. Ne4 Bb6 19. f4 f6 20. Bd2 fxe5 21. Bb4 Re8 22. Nd6 exf4 23. Nxe8 Qxe8 24. Re1 Bf7 25. Qg4 Qd8 26. Be7 Qe8 27. Qxf4 Nf8 28. Bxf8 Qxf8 29. Rf1 Rd8 30. Rad1 Rd7 31. Rd3 h6 32. Rdf3 Qd8 33. Bh3 Re7 34. Rd3 Bc4 35. Rfd1 Bxd3 36. Rxd3 Qe8 37. Bf1 Re1 38. Kg2 Qe6 39. Rf3 Qd5 40. Qf8+ Kh7 41. Bd3+ Re4 42. Bxe4+ Qxe4 43. Qf5+ Qxf5 44. Rxf5 Kg6 45. Rd5 Kf6 46. Rd7 g5 47. Kf3 h5 48. h3 Ke5 49. Rxb7 d3 50. Rd7 Bd4 51. b4 g4+ 52. hxg4 hxg4+ 53. Kxg4 d2 54. Re7+ Kd6 0-1


[Site "https://www.chess.com"]

[Event "Titled Tuesday Blitz July 20 2021"]
[White "Komiagina, Maria"]
[Black "Golubev, Mikhail"]
[WhiteFideId "4153987"]
[BlackFideId "14100983"]
[WhiteElo "2016"]
[BlackElo "2374"]
[Result "0-1"]
[Round "05"]
[TimeControl "180+1"]
[Date "2021.07.21"]
[WhiteClock "0:00:05"]
[BlackClock "0:00:21"]

1. e4 c5 2. Nf3 d6 3. d4 Nf6 4. Nc3 cxd4 5. Nxd4 Nc6 6. Bc4 e6 7. Bb3 a6 8. Be3 Qc7 9. O-O Na5 10. f4 b5 11. f5 e5 12. Nde2 Nc4 13. Bg5 Bb7 14. Bxf6 gxf6 15. Bxc4 Qxc4 16. Ng3 b4 17. Nd5 Bxd5 18. exd5 Rc8 19. Rf2 Ke7 20. Qf3 Rc5 21. Rd1 Qxa2 22. Rfd2 Bh6 23. Re2 Rhc8 24. Qh5 Bf4 25. Ne4 Rxd5 26. Rf1 Qc4 27. Rxf4 Qd4+ 28. Rff2 Qxb2 29. Qh4 Rd1+ 30. Rf1 Qd4+ 31. Rf2 Rxf1+ 0-1


[Site "https://www.chess.com"]

[Event "Titled Tuesday Blitz July 20 2021"]
[White "Lagunow, Raphael"]
[Black "Kazakov, Mikhail"]
[WhiteFideId "24652644"]
[BlackFideId "14102749"]
[WhiteElo "2400"]
[BlackElo "2373"]
[Result "1-0"]
[Round "05"]
[TimeControl "180+1"]
[Date "2021.07.21"]
[WhiteClock "0:00:05"]
[BlackClock "0:00:06"]

1. e4 e5 2. Nf3 Nc6 3. Bc4 Nf6 4. Ng5 d5 5. exd5 Na5 6. Bb5+ c6 7. dxc6 bxc6 8. Bd3 h6 9. Ne4 Nd5 10. O-O Be7 11. Nbc3 O-O 12. Re1 f5 13. Ng3 e4 14. Bf1 Bf6 15. f3 Bd4+ 16. Kh1 Bf2 17. fxe4 Bxe1 18. Qxe1 fxe4 19. Ncxe4 Nb7 20. d3 Nd6 21. b3 Nf5 22. Nxf5 Bxf5 23. Bb2 Nf4 24. Qc3 Qc7 25. Nd6 Be6 26. Qe5 Rad8 27. Ne4 Qxe5 28. Bxe5 Ng6 29. Bd6 Rfe8 30. Bc5 Bd5 31. Nc3 Nf4 32. Nxd5 cxd5 33. Bxa7 d4 34. g3 Ne6 35. a4 Nc7 36. Bb6 Rc8 37. Bh3 Ne6 38. a5 Rc6 39. Bxe6+ Rexe6 40. Bxd4 Rxc2 41. a6 Ree2 42. a7 Rxh2+ 43. Kg1 Rcg2+ 44. Kf1 Rh1+ 45. Kxg2 Rxa1 46. b4 Kf7 47. b5 Ke6 48. Bxa1 1-0


[Site "https://www.chess.com"]

[Event "Titled Tuesday Blitz July 20 2021"]
[White "Lazavik, Denis"]
[Black "Karthikeyan, Murali"]
[WhiteFideId "13515110"]
[BlackFideId "5074452"]
[WhiteElo "2436"]
[BlackElo "2564"]
[Result "1-0"]
[Round "05"]
[TimeControl "180+1"]
[Date "2021.07.20"]
[WhiteClock "0:00:04"]
[BlackClock "0:00:01"]

1. d4 Nf6 2. c4 e6 3. Nf3 c5 4. d5 b5 5. dxe6 fxe6 6. cxb5 d5 7. Bg5 h6 8. Bh4 g5 9. Bg3 Bg7 10. e3 O-O 11. Nc3 a6 12. bxa6 Qa5 13. Bd3 Ne4 14. O-O Nxg3 15. fxg3 Bxa6 16. h4 g4 17. Nh2 h5 18. Rxf8+ Kxf8 19. Bg6 Bxc3 20. bxc3 Qxc3 21. Bxh5 Be2 22. Qb1 Nd7 23. Bxg4 Rb8 24. Qe1 Qxe3+ 25. Kh1 Rb2 26. Qa5 Ke7 27. Re1 Qf2 28. Bxe2 Rxe2 29. Rxe2 Qxe2 30. Nf3 c4 31. Qb4+ Ke8 32. Qd6 Qe4 33. Ng5 Qf5 34. Nxe6 Qf6 35. Nc7+ Kd8 36. Ne6+ Ke8 37. Qxd5 c3 38. Nc7+ Kd8 39. Ne6+ Ke7 40. Nd4 Qf1+ 41. Kh2 Qa1 42. Nc6+ Kf6 43. Qxd7 1-0


[Site "https://www.chess.com"]

[Event "Titled Tuesday Blitz July 20 2021"]
[White "Leitao, Rafael"]
[Black "Chen, Max"]
[WhiteFideId "2101246"]
[BlackFideId "2622440"]
[WhiteElo "2609"]
[BlackElo "2424"]
[Result "1-0"]
[Round "05"]
[TimeControl "180+1"]
[Date "2021.07.21"]
[WhiteClock "0:01:14"]
[BlackClock "0:00:04"]

1. c4 e5 2. Nc3 Nf6 3. Nf3 Nc6 4. e4 Bb4 5. d3 d6 6. a3 Bc5 7. b4 Bd4 8. Nxd4 Nxd4 9. Ne2 Nxe2 10. Bxe2 O-O 11. O-O a5 12. b5 c6 13. bxc6 bxc6 14. f4 Nd7 15. Be3 Re8 16. f5 Nf8 17. f6 d5 18. exd5 cxd5 19. cxd5 Bb7 20. fxg7 Kxg7 21. Qe1 Bxd5 22. h4 Qd7 23. Qg3+ Kh8 24. Bh6 f5 25. Rxf5 Ng6 26. Raf1 Rg8 27. Bg5 h6 28. Bf6+ Kh7 29. Bg4 Qa7+ 30. Kh2 Nf4 31. R5xf4 exf4 32. Bf5+ 1-0


[Site "https://www.chess.com"]

[Event "Titled Tuesday Blitz July 20 2021"]
[White "Leiva, Gianmarco"]
[Black "Wagner, Dennis"]
[WhiteFideId "3804399"]
[BlackFideId "24650684"]
[WhiteElo "2365"]
[BlackElo "2355"]
[Result "0-1"]
[Round "05"]
[TimeControl "180+1"]
[Date "2021.07.20"]
[WhiteClock "0:00:01"]
[BlackClock "0:00:21"]

1. e4 c5 2. Nf3 d6 3. Bb5+ Nd7 4. a4 Nf6 5. Nc3 a6 6. Be2 b6 7. d4 cxd4 8. Qxd4 Bb7 9. Be3 e5 10. Qd3 Be7 11. Nd2 Qc7 12. Nc4 Nc5 13. Bxc5 Qxc5 14. Rd1 Rd8 15. Ne3 Qb4 16. f3 d5 17. exd5 Nxd5 18. Nxd5 Rxd5 19. Qc4 Rxd1+ 20. Kxd1 Qxb2 21. Kd2 Bb4 22. Qb3 Qxb3 23. cxb3 Ke7 24. Rc1 Rd8+ 25. Kc2 Rc8 26. Kb2 Rc5 27. Bc4 Bxc3+ 28. Kxc3 a5 29. Kd2 g5 30. Re1 f6 31. Re3 h5 32. Re2 h4 33. Re3 Rc7 34. Ke2 Rd7 35. Rc3 Rd4 36. g3 Kd6 37. Bd3 Bd5 38. Rc8 Bxb3 39. Bb5 Bxa4 40. Rc6+ Kd5 41. Bxa4 Rxa4 42. Rxb6 Ra2+ 43. Ke3 Rxh2 44. gxh4 Rxh4 45. Rxf6 a4 46. Ra6 Rb4 47. Ra5+ Ke6 48. Kf2 Kf5 49. Ra8 Rb2+ 50. Kg3 Ra2 51. Rf8+ Kg6 52. Ra8 Ra1 53. Kg4 Rg1+ 54. Kh3 Ra1 55. Kg4 a3 56. Ra6+ Kf7 57. Kxg5 a2 58. Kf5 e4 59. Ra7+ Kg8 60. Kg6 Rg1+ 61. Kf6 a1=Q+ 0-1


[Site "https://www.chess.com"]

[Event "Titled Tuesday Blitz July 20 2021"]
[White "Leve, Nitai"]
[Black "Mortazavi, Ali"]
[WhiteFideId "2006898"]
[BlackFideId "401323"]
[WhiteElo "2144"]
[BlackElo "2339"]
[Result "0-1"]
[Round "05"]
[TimeControl "180+1"]
[Date "2021.07.21"]
[WhiteClock "0:00:20"]
[BlackClock "0:00:12"]

1. e4 c6 2. d4 d5 3. e5 Bf5 4. h4 c5 5. g4 Bd7 6. c3 Nc6 7. Be3 Qb6 8. dxc5 Qxb2 9. Nd2 Qxc3 10. Rc1 Qxe5 11. Ngf3 Qc7 12. g5 e5 13. Nb3 d4 14. Bd2 Be6 15. Bb5 O-O-O 16. Qe2 Bd5 17. Rg1 Nge7 18. Kd1 f6 19. gxf6 gxf6 20. Ne1 e4 21. Rg4 f5 22. Bf4 Ne5 23. Rg3 N7g6 24. Rxg6 hxg6 25. Nxd4 Bh6 26. Bxh6 Rxh6 27. Kc2 Kb8 28. Kb2 Rxh4 29. Qe3 f4 30. Qa3 a6 31. Bf1 Bf7 32. Nb3 e3 33. fxe3 fxe3 34. Rc3 Rh2+ 35. Kb1 e2 36. Bxe2 Rxe2 37. Rc1 Nc4 38. Qb4 Qf4 39. Na5 Qe4+ 40. Ka1 Nxa5 41. Qxa5 Rxa2+ 42. Qxa2 Bxa2 43. Kxa2 Rd2+ 44. Kb3 Qe3+ 45. Rc3 Qxe1 46. c6 Qb1+ 47. Kc4 Rc2 48. Kc5 Rxc3+ 0-1


[Site "https://www.chess.com"]

[Event "Titled Tuesday Blitz July 20 2021"]
[White "Levine, Joseph"]
[Black "Harshavardhan G B"]
[WhiteFideId "30940346"]
[BlackFideId "25059009"]
[WhiteElo "1802"]
[BlackElo "1825"]
[Result "0-1"]
[Round "05"]
[TimeControl "180+1"]
[Date "2021.07.21"]
[WhiteClock "0:00:01"]
[BlackClock "0:00:19"]

1. e4 c5 2. Nf3 d6 3. d4 cxd4 4. Nxd4 Nf6 5. Nc3 Nc6 6. Bc4 e6 7. O-O Be7 8. Be3 O-O 9. h3 a6 10. f4 Nxd4 11. Bxd4 b5 12. Bd3 Bb7 13. Qe2 Nd7 14. Kh1 e5 15. Bg1 exf4 16. Rxf4 Ne5 17. Raf1 Bg5 18. R4f2 Bh4 19. Rf4 Bg3 20. Rf5 Bc8 21. Rh5 g6 22. Nd5 f5 23. Bb6 Qd7 24. Rh6 Bb7 25. Qe3 Bxd5 26. Qxg3 fxe4 27. Be2 Rxf1+ 28. Bxf1 Rf8 29. Be2 Qf5 30. Rh5 Qe6 31. Bd4 Nc6 32. Bc3 Bc4 33. Bg4 Qe7 34. Kh2 d5 35. Rh6 d4 36. Be1 Ne5 37. Bd1 Qf6 38. c3 d3 0-1


[Site "https://www.chess.com"]

[Event "Titled Tuesday Blitz July 20 2021"]
[White "Liu, Manli"]
[Black "Pourkashiyan, Atousa"]
[WhiteFideId "8608121"]
[BlackFideId "12502014"]
[WhiteElo "2061"]
[BlackElo "2285"]
[Result "1-0"]
[Round "05"]
[TimeControl "180+1"]
[Date "2021.07.21"]
[WhiteClock "0:00:09"]
[BlackClock "0:00:01"]

1. e4 c5 2. Nf3 e6 3. d4 cxd4 4. Nxd4 a6 5. Bd3 Bc5 6. Nb3 Be7 7. c4 Nc6 8. O-O Nf6 9. Nc3 d6 10. f4 Qc7 11. Bd2 h5 12. Qe2 Bd7 13. Rae1 Ng4 14. Nd5 exd5 15. exd5 Kf8 16. dxc6 Bxc6 17. Nd4 Bf6 18. Nxc6 bxc6 19. h3 Qa7+ 20. Kh1 Bh4 21. Bb4 Bxe1 22. Bxd6+ Kg8 23. Rxe1 Nf2+ 24. Kh2 Nxd3 25. Qxd3 Rd8 26. c5 Rh6 27. Qc4 Rf6 28. Re7 Qa8 29. Be5 Re6 30. Rxe6 fxe6 31. Qxe6+ Kh7 32. Qf5+ Kg8 33. Qxh5 Qc8 34. Qg6 Qd7 35. f5 Re8 36. Bc3 Qf7 37. Qg5 Re4 38. f6 g6 39. Be5 Qe6 40. Bd6 1-0


[Site "https://www.chess.com"]

[Event "Titled Tuesday Blitz July 20 2021"]
[White "LuckSlayeer"]
[Black "Ozen, Bahadir"]
[BlackFideId "6337058"]
[WhiteElo "2546"]
[BlackElo "2503"]
[Result "1/2-1/2"]
[Round "05"]
[TimeControl "180+1"]
[Date "2021.07.21"]
[WhiteClock "0:00:04"]
[BlackClock "0:00:10"]

1. Nf3 d5 2. c4 c6 3. e3 Nf6 4. Nc3 g6 5. d4 Bg7 6. Be2 O-O 7. O-O Bf5 8. b3 Ne4 9. Bb2 Nxc3 10. Bxc3 Nd7 11. Nh4 Be6 12. f4 Nb6 13. f5 Bc8 14. Ba5 e5 15. Nf3 e4 16. Nd2 Qg5 17. Rf4 Bxf5 18. Nf1 Be6 19. c5 Nd7 20. Be1 Qe7 21. Bh4 g5 22. Bxg5 Qxg5 23. b4 a6 24. a4 f5 25. b5 axb5 26. axb5 Rxa1 27. Qxa1 Nxc5 28. Qa7 Nd3 29. Bxd3 exd3 30. Qxb7 cxb5 31. Qxb5 Qe7 32. Qxd3 Bh6 33. Rf3 Kh8 34. h3 Bd7 35. Ng3 f4 36. exf4 Bxf4 37. Ne2 Bd6 38. Rxf8+ Qxf8 39. Qe3 Qf6 40. Nc3 Bc6 41. Qf2 Be7 42. Qe3 Kg7 43. Ne2 Bd6 44. g4 Kf7 45. Kg2 Bb5 46. Ng3 Bf4 47. Qf2 Bxg3 48. Qxg3 Qf1+ 49. Kh2 Ke7 50. Qe5+ Kf8 51. Qd6+ Ke8 52. Qe5+ Kd7 53. Qxd5+ Kc7 54. Qc5+ Bc6 55. Qe5+ Kb7 56. Qe7+ Ka6 57. Qa3+ Kb6 58. Qc5+ Kc7 59. Qe7+ Bd7 60. Qc5+ Kd8 61. Qg5+ Ke8 62. Qe5+ Kf7 63. Qd5+ Be6 64. Qe5 Qf2+ 65. Kh1 h5 66. d5 Qf1+ 67. Kh2 Qf2+ 68. Kh1 Bxg4 69. hxg4 Qh4+ 70. Qh2 Qxh2+ 71. Kxh2 hxg4 72. Kg3 Ke7 73. Kxg4 Kd6 74. Kf4 Kxd5 1/2-1/2


[Site "https://www.chess.com"]

[Event "Titled Tuesday Blitz July 20 2021"]
[White "Madaminov, Mukhiddin"]
[Black "Orantes Taboada, Francisco"]
[WhiteFideId "14210703"]
[BlackFideId "22274758"]
[WhiteElo "1747"]
[BlackElo "2073"]
[Result "1-0"]
[Round "05"]
[TimeControl "180+1"]
[Date "2021.07.21"]
[WhiteClock "0:00:13"]
[BlackClock "0:00:04"]

1. e4 c5 2. Nf3 Nc6 3. Bb5 a6 4. Bxc6 dxc6 5. O-O Qc7 6. c3 e5 7. d4 cxd4 8. cxd4 exd4 9. Nxd4 Bd6 10. f4 Ne7 11. Be3 O-O 12. Nc3 Rd8 13. Rc1 Bc5 14. Nce2 Qb6 15. Qb3 Qxb3 16. axb3 Ba7 17. Kf2 Bg4 18. Rfd1 Rd7 19. h3 Bxe2 20. Nxe2 Bxe3+ 21. Kxe3 Rad8 22. Rxd7 Rxd7 23. g4 f6 24. b4 Kf7 25. Nd4 Nc8 26. h4 Nb6 27. h5 Re7 28. Kd3 Nc8 29. b5 axb5 30. Nxb5 Rd7+ 31. Ke3 Rd8 32. Nd4 Nd6 33. e5 fxe5 34. fxe5 Ne8 35. Ra1 c5 36. Nf3 Ke6 37. Ke4 h6 38. g5 hxg5 39. Nxg5+ Ke7 40. Ra7 Rd4+ 41. Kf5 Rb4 42. Ne6 c4 43. Nc5 Rxb2 44. Nxb7 Kf8 45. Ke6 Rb6+ 46. Nd6 Nxd6 47. exd6 Rb8 48. Rc7 Re8+ 49. Kd7 Re5 50. Rxc4 Rxh5 51. Rf4+ Kg8 52. Ke6 Rh1 53. d7 Re1+ 54. Kd5 Rd1+ 55. Rd4 Ra1 56. d8=Q+ Kh7 57. Rh4+ Kg6 58. Qe8+ Kf6 59. Qe6+ 1-0


[Site "https://www.chess.com"]

[Event "Titled Tuesday Blitz July 20 2021"]
[White "Maltsevskaya, Aleksandra"]
[Black "Koridze, Lile"]
[WhiteFideId "24174041"]
[BlackFideId "13612514"]
[WhiteElo "2225"]
[BlackElo "1978"]
[Result "1-0"]
[Round "05"]
[TimeControl "180+1"]
[Date "2021.07.21"]
[WhiteClock "0:00:04"]
[BlackClock "0:00:02"]

1. e4 c5 2. Nf3 d6 3. d4 cxd4 4. Nxd4 Nf6 5. Nc3 Nc6 6. Bg5 e6 7. Qd2 a6 8. O-O-O Bd7 9. f3 Be7 10. h4 h6 11. Nxc6 Bxc6 12. Bf4 d5 13. Qe1 Rc8 14. g4 Qa5 15. g5 hxg5 16. Bxg5 dxe4 17. Kb1 exf3 18. Qg3 Ne4 19. Nxe4 Bxe4 20. Bd3 Bxd3 21. cxd3 Bxg5 22. hxg5 Rxh1 23. Rxh1 Qc5 24. a3 Ke7 25. Qxf3 Qd5 26. Qf1 Qxg5 27. Rg1 Qf6 28. Qg2 Rc7 29. Re1 Qd4 30. Qg5+ Ke8 31. Rd1 Qf6 32. Qg3 Rd7 33. Qb8+ Ke7 34. Qc8 Qd4 35. Qh8 g6 36. Qh2 Qd6 37. Qh4+ Ke8 38. Qg5 Qe7 39. Qe3 Qf8 40. Ka1 Qd6 41. d4 Qd5 42. Rf1 Ke7 43. Qg3 Qxd4 44. Qg5+ Ke8 45. Rh1 Qg7 46. Qf4 e5 47. Qg5 f6 48. Qg4 f5 49. Qg5 e4 50. Rh6 Rd1+ 51. Ka2 Qf7+ 52. b3 Rd6 53. Rh8+ Kd7 54. Qd8+ Kc6 55. Qc8+ Kb6 56. Rh2 Qd5 57. Rc2 Qd1 58. Qc5# 1-0


[Site "https://www.chess.com"]

[Event "Titled Tuesday Blitz July 20 2021"]
[White "Manzone, Alessandro"]
[Black "Khusnutdinov, Rustam"]
[WhiteFideId "112488"]
[BlackFideId "13701703"]
[WhiteElo "2327"]
[BlackElo "2571"]
[Result "0-1"]
[Round "05"]
[TimeControl "180+1"]
[Date "2021.07.20"]
[WhiteClock "0:00:10"]
[BlackClock "0:00:32"]

1. d4 d5 2. c4 e6 3. Nc3 a6 4. cxd5 exd5 5. Bf4 Nf6 6. e3 c5 7. dxc5 Bxc5 8. Nf3 Nc6 9. Be2 O-O 10. O-O Re8 11. Nd4 Bxd4 12. exd4 Qb6 13. Bf3 Qxd4 14. Bg5 Ne4 15. Be3 Nxc3 16. Bxd4 Nxd1 17. Raxd1 Nxd4 18. Rxd4 Be6 19. Rfd1 Rad8 20. h3 Rd6 21. Rc1 Red8 22. Rc7 R6d7 23. Rc5 Kf8 24. b4 Ke7 25. Bd1 b6 26. Rc6 Rd6 27. Rc7+ R8d7 28. Rc3 Kf6 29. f4 Rd8 30. Bb3 h5 31. Kf2 h4 32. Rc7 R8d7 33. Rc3 Rd8 34. Rc7 Bf5 35. Ra7 Be4 36. Rxa6 Kf5 37. Ra7 R8d7 38. Rxd7 Rxd7 39. g4+ Kxf4 40. a4 Rc7 41. a5 Ke5 42. axb6 Rb7 0-1


[Site "https://www.chess.com"]

[Event "Titled Tuesday Blitz July 20 2021"]
[White "Martins, Igor Carvalho Ribeiro"]
[Black "Chernov, Mikhail"]
[WhiteFideId "2162962"]
[BlackFideId "24143170"]
[WhiteElo "2523"]
[BlackElo "2244"]
[Result "1-0"]
[Round "05"]
[TimeControl "180+1"]
[Date "2021.07.21"]
[WhiteClock "0:00:19"]
[BlackClock "0:00:26"]

1. Nf3 Nc6 2. e4 g6 3. d4 Bg7 4. d5 Nb8 5. c4 d6 6. Be2 Nf6 7. Nc3 O-O 8. O-O c5 9. h3 Na6 10. Bf4 Nc7 11. a4 a6 12. a5 Rb8 13. Qc2 b5 14. axb6 Rxb6 15. b3 Bd7 16. Ra3 Qb8 17. e5 Nfe8 18. Bd3 Bc8 19. Re1 Qb7 20. Na4 Rb4 21. Bd2 dxe5 22. Nxc5 Qb6 23. Na4 Qb8 24. Nxe5 Bxe5 25. Rxe5 Rb7 26. Rxe7 Nd6 27. Re1 Bf5 28. Bf4 Qd8 29. Nc5 Bxd3 30. Qxd3 Rb6 31. Qc3 Ncb5 32. cxb5 Nxb5 33. Qa5 Nxa3 34. Qxa3 Qxd5 35. Be3 Rb5 36. b4 Ra8 37. Qc3 Qc6 38. Bh6 f6 39. Qc4+ Kh8 40. Qf7 Rg8 41. Re7 1-0


[Site "https://www.chess.com"]

[Event "Titled Tuesday Blitz July 20 2021"]
[White "McDonald, Mike"]
[Black "Darini, Pouria"]
[WhiteFideId "2635682"]
[BlackFideId "12502200"]
[WhiteElo "2490"]
[BlackElo "2489"]
[Result "1/2-1/2"]
[Round "05"]
[TimeControl "180+1"]
[Date "2021.07.21"]
[WhiteClock "0:00:14"]
[BlackClock "0:00:02"]

1. e4 c5 2. c3 Nf6 3. e5 Nd5 4. d4 cxd4 5. Nf3 d6 6. Qxd4 e6 7. Nbd2 Nc6 8. Bb5 Bd7 9. Bxc6 Bxc6 10. Nc4 dxe5 11. Ncxe5 Qb6 12. Qxb6 axb6 13. O-O Bc5 14. b4 Be7 15. Bb2 Nf4 16. Rfe1 O-O 17. Nxc6 bxc6 18. Ne5 Bf6 19. a4 Bxe5 20. Rxe5 Rfd8 21. g3 Nd3 22. Re2 c5 23. a5 cxb4 24. axb6 Nxb2 25. Rxa8 Rxa8 26. Rxb2 bxc3 27. Rc2 Ra1+ 28. Kg2 Rb1 29. Rxc3 g5 30. Rc6 Kg7 31. h3 Kf6 32. Kf3 Rb3+ 33. Kg2 h6 34. g4 Ke5 35. Rc7 f6 36. Rh7 Rxb6 37. Rxh6 Rb7 38. Rh8 Kf4 39. Rc8 f5 40. Rc4+ Ke5 41. Kg3 Rb3+ 42. Kg2 Rb5 43. Ra4 Rd5 44. Ra2 Kf4 45. Ra4+ Ke5 46. Ra6 Rd4 47. Ra5+ Kf4 48. gxf5 exf5 49. Ra3 Re4 50. Rf3+ Ke5 51. Ra3 Kf6 52. Ra6+ Ke5 53. Ra5+ Kf4 54. Ra3 g4 55. hxg4 fxg4 56. Ra8 Re5 57. Rf8+ Rf5 58. Rxf5+ Kxf5 59. f3 gxf3+ 60. Kxf3 1/2-1/2


[Site "https://www.chess.com"]

[Event "Titled Tuesday Blitz July 20 2021"]
[White "Megaranto, Susanto"]
[Black "Nefedov, Sergey"]
[WhiteFideId "7101384"]
[BlackFideId "24113417"]
[WhiteElo "2644"]
[BlackElo "2385"]
[Result "0-1"]
[Round "05"]
[TimeControl "180+1"]
[Date "2021.07.21"]
[WhiteClock "0:00:48"]
[BlackClock "0:00:48"]

1. d4 Nf6 2. Nf3 d5 3. c4 c6 4. Qc2 Bg4 5. Ne5 Bh5 6. Bf4 e6 7. e3 Nbd7 8. Nc3 Nxe5 9. Bxe5 Bd6 10. Qb3 Rb8 11. Bg3 O-O 12. Bd3 Bg6 13. Bxg6 hxg6 14. O-O Bxg3 15. hxg3 Ng4 16. Ne2 Qg5 17. Nf4 dxc4 18. Qxc4 e5 19. dxe5 Nxe5 20. Qe2 Qf6 21. Rfd1 Rbd8 22. Rac1 g5 23. Nh3 g6 24. b3 Kg7 25. f4 gxf4 26. gxf4 Nd7 27. e4 Rfe8 28. e5 Qf5 29. Rd6 Nf8 30. Rf6 Qd3 31. Qf2 Nh7 32. Ng5 Nxf6 33. exf6+ Kxf6 34. Re1 Rxe1+ 0-1


[Site "https://www.chess.com"]

[Event "Titled Tuesday Blitz July 20 2021"]
[White "Molina, Roberto Junio Brito"]
[Black "Perez Gormaz, Matias"]
[WhiteFideId "2109450"]
[BlackFideId "3406342"]
[WhiteElo "2402"]
[BlackElo "2414"]
[Result "0-1"]
[Round "05"]
[TimeControl "180+1"]
[Date "2021.07.21"]
[WhiteClock "0:00:07"]
[BlackClock "0:00:17"]

1. d4 d5 2. Nf3 Nf6 3. e3 e6 4. Bd3 c5 5. c3 Nc6 6. O-O Bd6 7. Nbd2 O-O 8. dxc5 Bxc5 9. e4 Qc7 10. b4 Bb6 11. Bb2 h6 12. a3 Rd8 13. Qe2 e5 14. c4 dxc4 15. Nxc4 Nd4 16. Nxd4 Bxd4 17. Bxd4 Rxd4 18. Rac1 Bg4 19. f3 Be6 20. Nb2 Qb6 21. Kh1 Rad8 22. Rc3 Qd6 23. Rfc1 Nh5 24. Qe3 Nf4 25. Bf1 Rd2 26. Nc4 Bxc4 27. Rxc4 Qg6 28. Rc8 Kh7 29. Rxd8 Rxd8 30. Qxa7 Rd2 31. g3 Qh5 32. Qg1 Qxf3+ 33. Bg2 Rxg2 0-1


[Site "https://www.chess.com"]

[Event "Titled Tuesday Blitz July 20 2021"]
[White "Moskalenko, Alexander"]
[Black "Tsaruk, Maksim"]
[WhiteFideId "4155351"]
[BlackFideId "13511173"]
[WhiteElo "2495"]
[BlackElo "2184"]
[Result "1-0"]
[Round "05"]
[TimeControl "180+1"]
[Date "2021.07.20"]
[WhiteClock "0:01:15"]
[BlackClock "0:00:02"]

1. d4 Nf6 2. Bf4 d5 3. e3 e6 4. Nd2 Bd6 5. Bg3 O-O 6. Ngf3 c5 7. c3 Nc6 8. Bb5 Ne7 9. Bd3 b6 10. e4 dxe4 11. Nxe4 Nf5 12. Nxd6 Nxg3 13. Nxf7 Rxf7 14. hxg3 cxd4 15. Ng5 Rd7 16. Qe2 Qe7 17. Nxe6 dxc3 18. Bc4 cxb2 19. Rb1 b5 20. Bb3 Qb4+ 21. Kf1 Re7 22. Nf4+ Kf8 23. Ng6+ Ke8 24. Nxe7 Qxe7 25. Rxb2 Qxe2+ 26. Rxe2+ Kf8 27. f3 Bf5 28. Kf2 a5 29. g4 Bd3 30. Rd2 Bg6 31. g5 Ne8 32. Bc2 Bxc2 33. Rxc2 b4 34. Rxh7 Nd6 35. Rh8+ 1-0


[Site "https://www.chess.com"]

[Event "Titled Tuesday Blitz July 20 2021"]
[White "Nakamura, Hikaru"]
[Black "Pichot, Alan"]
[WhiteFideId "2016192"]
[BlackFideId "110973"]
[WhiteElo "2900"]
[BlackElo "2622"]
[Result "1-0"]
[Round "05"]
[TimeControl "180+1"]
[Date "2021.07.20"]
[WhiteClock "0:00:09"]
[BlackClock "0:00:01"]

1. Nf3 Nf6 2. b3 d5 3. Bb2 Bf5 4. Nh4 Bg4 5. d3 e6 6. h3 Bh5 7. g4 Bg6 8. e3 a5 9. a3 a4 10. b4 c5 11. bxc5 Bxc5 12. Nd2 Nc6 13. Bg2 Qe7 14. O-O O-O 15. d4 Bd6 16. Nxg6 hxg6 17. c4 dxc4 18. Nxc4 Bc7 19. Qe2 Rfc8 20. Rfc1 Nd5 21. Rab1 Rab8 22. Ba1 b5 23. Nd2 Qxa3 24. Rxc6 Bh2+ 25. Kxh2 Rxc6 26. Rxb5 Qd6+ 27. f4 Rxb5 28. Qxb5 Rc2 29. Ne4 Qc6 30. Qa5 f6 31. Kg3 Ra2 32. Bf3 Qc1 33. g5 Qg1+ 34. Kh4 Qxe3 35. gxf6 Qxf4+ 36. Bg4 Nxf6 37. Qd8+ Kh7 38. Ng5+ Kh6 39. Qh8+ 1-0


[Site "https://www.chess.com"]

[Event "Titled Tuesday Blitz July 20 2021"]
[White "Narayanan.S.L"]
[Black "Chiu, Isaac"]
[WhiteFideId "5058422"]
[BlackFideId "30900654"]
[WhiteElo "2617"]
[BlackElo "2117"]
[Result "1-0"]
[Round "05"]
[TimeControl "180+1"]
[Date "2021.07.20"]
[WhiteClock "0:01:12"]
[BlackClock "0:00:09"]

1. b3 e5 2. Bb2 Nc6 3. e3 Nf6 4. Bb5 Bd6 5. Na3 e4 6. f3 O-O 7. fxe4 Nxe4 8. Nf3 Ng5 9. O-O Nxf3+ 10. Qxf3 Qh4 11. g3 Qg5 12. Be2 Be5 13. d4 Bf6 14. Nb5 Bd8 15. d5 Ne5 16. Qf4 d6 17. Nxc7 Rb8 18. Nb5 Bh3 19. Nxd6 Ng6 20. Qd4 f6 21. Ne4 Qh6 22. c4 Bxf1 23. Rxf1 Ne5 24. c5 Re8 25. Nd6 Rf8 26. Nf5 Qg6 27. d6 Rc8 28. Qd5+ Kh8 29. Nh4 Qf7 30. Qxf7 Nxf7 31. b4 b6 32. Bg4 Rb8 33. Bd4 bxc5 34. bxc5 Nxd6 35. cxd6 Bb6 36. d7 Rbd8 37. Rc1 g6 38. Be6 Kg7 39. Nf3 Bxd4 40. Nxd4 f5 41. Nc6 1-0


[Site "https://www.chess.com"]